 Seeded DCSS version 0.32-a0-961-gd60f5e5fc7 (webtiles) character file.

Game seed: 2024041704 (custom seed)

6 Orlauf the Poker (level 1, 0/16 HPs)
             Began as a Demonspawn Gladiator on Apr 17, 2024.
             Slain by a kobold
             ... wielding a +2 whip of pain
              (1 damage)
             ... on level 1 of the Dungeon.
             The game lasted 00:00:11 (89 turns).

Orlauf the Poker (Demonspawn Gladiator)               Turns: 89, Time: 00:00:12

Health: 0/16       AC:  6    Str: 14    XL:     1   Next: 75%
Magic:  1/1        EV:  0    Int:  8    God:
Gold:   0          SH:  0    Dex: 14    Spells: 0/0 levels left

rFire   . . .        a - +0 trident
rCold   . . .        (no shield)
rNeg    . . .        f - +0 ring mail
rPois   .            c - +0 helmet
rElec   .            (no cloak)
rCorr   .            (no gloves)
SInv    .            (no boots)
Will    .....        (no amulet)
Stlth   +            (no ring)
HPRegen 0.22/turn    (no ring)
MPRegen 0.07/turn

%: no passive effects
@: constricted
A: no striking features
a: no special abilities


You were on level 1 of the Dungeon.
You visited 1 branch of the dungeon, and saw 1 of its levels.

Inventory:

Hand Weapons
 a - a +0 trident (weapon)
Missiles
 d - 3 throwing nets (quivered)
 e - a javelin
Armour
 b - a +0 leather armour
 c - a +0 helmet (worn)
 f - a +0 ring mail (worn)


   Skills:
 + Level 2.2 Fighting
 * Level 3.0 Polearms
 - Level 1.7 Throwing
 - Level 2.6 Dodging


You couldn't memorise any spells.
You didn't know any spells.
Your spell library was empty.

Dungeon Overview and Level Annotations

Branches:
Dungeon (1/15)

Altars:


Message History

You barely miss the goblin.
The goblin is severely wounded.
A kobold comes into view. It is wielding a +2 whip of pain.
The goblin closely misses you. The goblin hits you but does no damage.
The kobold shouts!
You hit the goblin.
You kill the goblin!
Your Polearms skill increases to level 3!
A frilled lizard comes into view.
Found a scroll labelled UGYGIUK BANELYLE.
The frilled lizard hisses angrily.
The kobold throws a stone.
The stone barely misses you.
A ball python comes into view.
A bat comes into view.
The bat moves out of view.
You reach to attack!
You hit the kobold but do no damage. You closely miss the kobold.
The kobold closely misses you.
You closely miss the kobold. The kobold hits you but does no damage.
There are monsters nearby!
You barely miss the kobold.
The frilled lizard bites you but does no damage.
The kobold hits you with a +2 whip of pain.
You closely miss the kobold. The frilled lizard closely misses you.
The kobold hits you with a +2 whip of pain. x2
The frilled lizard bites you.
You hit the kobold but do no damage.
A bat comes into view.
The ball python bites you but does no damage.
The ball python grabs you. The ball python constricts you.
The ball python bites you but does no damage.
The ball python constricts you.
The kobold hits you with a +2 whip of pain.
* * * LOW HITPOINT WARNING * * *
The frilled lizard bites you.
* * * LOW HITPOINT WARNING * * *
The ball python's grasp on you weakens, but your attempt to escape fails.
The ball python bites you but does no damage.
The ball python constricts you.
* * * LOW HITPOINT WARNING * * *
The kobold hits you with a +2 whip of pain.
You die...

... .... ..#
#...## .. ?.#...
#.###.#..#
........##
#.b....... ..
#SKl....#
...##.@###
......#.).##
...(#......#
.).........#######
....####..........
... ###†#..###. ##
#..)...#.#
###........# #.#
##....###...#


You could see a bat, a ball python, a kobold and a frilled lizard.

Vanquished Creatures
  A dart slug (D:1)
  A goblin (D:1)
  A kobold (D:1)
  A bat (D:1)
4 creatures vanquished.

Notes
Turn   | Place    | Note
-------+----------+-------------------------------------------
     0 | D:1      | Orlauf the Demonspawn Gladiator began the quest for the
                  | Orb.
     0 | D:1      | Reached XP level 1. HP: 16/16 MP: 1/1
    81 | D:1      | Reached skill level 3 in Polearms
    89 | D:1      | Slain by a kobold

Illustrated notes

Levels and vault maps discovered:
D:1:      mrwooster_arrival_statue_2, layout_rooms,
          shapermc_ecumenical_altar_acropolis

Skill      XL: |  1 |
---------------+----+-----
Polearms       | 3 |  3.0
Fighting       | |  2.2
Throwing       | |  1.7
Dodging        | |  2.6

Action                     || total
---------------------------++-------
  Melee: Trident           ||    19
 Armour: Ring mail         ||    16
         Leather armour    ||    10
  Dodge: Dodged            ||    16

Table legend: (Time is in decaauts)
 A = Elapsed time spent in this place.
 B = Non-inter-level travel time spent in this place.
 C = Inter-level travel time spent in this place.
 D = Time resting spent in this place.
 E = Time spent auto-exploring this place.
 F = Levels seen in this place.
 G = Mean time per level.
                   A        B        C        D        E       F      G
               +--------+--------+--------+--------+--------+-----+--------+
         Total |     92 |     92 |      0 |     37 |      9 |   1 |   92.0 |
       Dungeon |     92 |     92 |      0 |     37 |      9 |   1 |   92.0 |
               +--------+--------+--------+--------+--------+-----+--------+

Top non-repeatable levels by time:
     D:1: 92 daAuts
